 Dungeon Crawl Stone Soup version 0.23.1 (webtiles) character file.

Game seed: 0

18146 Norn the Impaler (level 12, -2/217 HPs)
             Began as a Merfolk Skald on Mar 10, 2019.
             Was a Follower of Ashenzari.
             Slain by a swamp worm (6 damage)
             ... in a Gauntlet.
             The game lasted 00:42:58 (17512 turns).

Norn the Impaler (Merfolk Skald)                   Turns: 17512, Time: 00:42:59

Health: -2/217     AC: 26    Str: 17    XL:     12   Next: 55%
Magic:  0/15       EV:  2    Int: 22    God:    Ashenzari [*.....]
Gold:   782        SH:  0    Dex: 13    Spells: 7/15 levels left

rFire    . . .     SeeInvis .   a - +0 trident
rCold    + . .     Gourm    .   (no shield)
rNeg     + + +     Faith    .   (armour currently unavailable)
rPois    +         Spirit   +   (helmet currently unavailable)
rElec    .         Reflect  .   (cloak currently unavailable)
rCorr    .         Harm     .   (gloves currently unavailable)
MR       .....     NoTele   +   (boots currently unavailable)
Stlth    ..........             H - amulet of guardian spirit (curse)
HPRegen  0.46/turn              d - ring of poison resistance (curse)
MPRegen  0.14/turn              o - ring of protection from cold

@: brilliant, berserking, tree-form, singing, very slightly contaminated,
invisible, very quick
A: (change form in water), (swift swim), (stealthy swim)
a: Curse Item, Scrying, Renounce Religion


You were in a Gauntlet.
You worshipped Ashenzari.
Ashenzari was aware of your devotion.
You were near starving.
You were a tree.
You visited 2 branches of the dungeon, and saw 12 of its levels.
You also visited: Gauntlet.

You collected 782 gold pieces.

Inventory:

Hand Weapons
 a - a +0 trident (weapon)
   (You found it on level 6 of the Dungeon)
 r - a +0 blowgun
   (You took it off a kobold on level 3 of the Dungeon)
 D - a +0 halberd
   (You took it off a gnoll on level 7 of the Dungeon)
 G - a +1 spear of venom
   (You took it off a gnoll sergeant on level 7 of the Dungeon)
 O - the +3 dagger "Sonlo" {pain, *Contam rF+ Str+5 Dex+3}
   (You found it on level 9 of the Dungeon)

   In the hands of one skilled in necromantic magic, it inflicts extra damage on
   living creatures.
   It affects your strength (+5).
   It affects your dexterity (+3).
   It protects you from fire.
   It causes magical contamination when unequipped.
 T - a +0 glaive
   (You found it on level 9 of the Dungeon)
Missiles
 s - 5 curare-tipped needles {!f}
Armour
 b - a +0 leather armour
 p - a cursed +2 helmet (melded)
   (You found it on level 2 of the Dungeon)
 I - a +0 cloak (melded)
   (You found it on level 8 of the Dungeon)
 P - a +0 pair of gloves (melded)
   (You found it on level 9 of the Dungeon)
 Q - a +2 ring mail of magic resistance (melded)
   (You took it off an orc on level 9 of the Dungeon)
Jewellery
 d - a cursed ring of poison resistance (left branch)
   (You found it on level 1 of the Dungeon)
 o - a ring of protection from cold (right branch)
   (You found it on level 2 of the Dungeon)
 z - an uncursed ring of resist corrosion
   (You found it on level 5 of the Dungeon)
 H - a cursed amulet of guardian spirit (around neck)
   (You found it on level 9 of the Dungeon)
Wands
 m - a wand of polymorph (8)
   (You found it on level 2 of the Dungeon)
 t - a wand of flame (4)
   (You found it on level 6 of the Dungeon)
 R - a wand of clouds (3)
   (You found it on level 9 of the Dungeon)
Scrolls
 c - 2 scrolls of teleportation {@r4}
 g - 11 scrolls of remove curse {@r2}
 l - a scroll of noise {!r}
 q - 2 scrolls of blinking
 v - 2 scrolls of enchant weapon {unknown}
 x - a scroll of random uselessness {unknown}
 y - a scroll of immolation {!r}
 F - a scroll of silence {unknown}
 J - a scroll of amnesia
 K - a scroll of torment {unknown}
 L - a scroll of fear {unknown}
Potions
 f - 2 potions of curing {@q1}
 h - a potion of brilliance
 i - 2 potions of mutation {unknown}
 j - 2 potions of lignification {!q}
 k - 2 potions of might {unknown}
 u - 2 potions of resistance
 w - a potion of heal wounds {unknown}
 A - a potion of berserk rage
 B - 2 potions of agility {unknown}
 C - a potion of magic
 E - 4 potions of flight
 N - a potion of invisibility
Miscellaneous
 S - a lightning rod (4/4) {!a}
   (You found it on level 9 of the Dungeon)
Comestibles
 e - 9 rations {!d}


   Skills:
 + Level 10.2 Fighting
 * Level 17.2 Polearms
 - Level 0.6 Armour
 + Level 11.9 Dodging
 - Level 2.0 Spellcasting
 - Level 8.0 Hexes
 + Level 5.8 Charms


You had 7 spell levels left.
You knew the following spells:

 Your Spells              Type           Power        Failure   Level  Hunger
a - Infusion              Chrm           ####         1%          1    #......
q - Shroud of Golubria    Chrm/Tloc      ####......   1%          2    ##.....
t - Spectral Weapon       Hex/Chrm       #####...     1%          3    ###....
w - Song of Slaying       Chrm           #####...     1%          2    ##.....

Your spell library contained the following spells:

 Spells                   Type           Power        Failure   Level  Hunger
 Confusing Touch          Hex            ######       1%          1    #......
 Confuse                  Hex            ######..     1%          3    ###....
 Regeneration             Chrm/Necr      ####......   1%          3    ###....
 Gell's Gravitas          Tloc           ###.......   4%          3    ###....
 Metabolic Englaciation   Hex/Ice        ####......   9%          5    ######.
 Yara's Violent Unravell  Hex/Tmut       ####......   9%          5    ######.
 Petrify                  Tmut/Erth      ###.....     14%         4    #####..


Dungeon Overview and Level Annotations

Branches:
Dungeon (11/15)            Temple (1/1) D:5            Lair (0/6) D:10
    Orc: D:9-12

Altars:
Ashenzari
Cheibriados
Dithmenos
Elyvilon
Fedhas
Gozag
Hepliaklqana
Kikubaaqudgha
Makhleb
Nemelex Xobeh
Okawaru
Qazlal
Ru
Sif Muna
Trog
Uskayaw
Vehumet
Wu Jian
Xom
Yredelemnul
Zin
The Shining One

Shops:
D:4 %   D:8 ?   D:11 =

Annotations:
D:6 4 runed translucent doors, Crazy Yiuf; LostNumber's ghost, novice GnIE; wpisznazwe's ghost, amateur HOFi Gauntlet 9 transporters


Message History

* * * LOW HITPOINT WARNING * * *
The swamp worm throws harpoon shot at you.
The harpoon shot hits your spectral weapon!!
Your spectral weapon shares its damage with you!
Your spectral weapon fades away.
* * * LOW HITPOINT WARNING * * *
The swamp worm bites you but does no damage.
You hit the tyrant leech.
The swamp worm bites you but does no damage.
The swamp worm throws harpoon shot at you.
The harpoon shot hits you.
* * * LOW HITPOINT WARNING * * *
The swamp worm bites you!
* * * LOW HITPOINT WARNING * * *
The tyrant leech bites you!
* * * LOW HITPOINT WARNING * * *
You feel better.
The swamp worm bites you but does no damage. x2
It was a potion of brilliance.
You feel clever all of a sudden.
The swamp worm bites you but does no damage.
The tyrant leech bites you but does no damage.
The swamp worm bites you but does no damage.
It was a potion of invisibility.
You fade into invisibility!
The swamp worm bites you but does no damage.
The swamp worm bites you!
* * * LOW HITPOINT WARNING * * *
The tyrant leech bites you!
* * * LOW HITPOINT WARNING * * *
The swamp worm bites you but does no damage. x2
You are very lightly contaminated with residual magic.
You feel better. The swamp worm barely misses you.
The swamp worm bites you but does no damage. x2
The tyrant leech bites you but does no damage.
It was a potion of berserk rage.
A red film seems to cover your vision as you go berserk!
You feel yourself moving faster!
You feel mighty!
The swamp worm bites you but does no damage. x2
The swamp worm bites you!
* * * LOW HITPOINT WARNING * * *
The swamp worm bites you but does no damage.
The tyrant leech bites you!
* * * LOW HITPOINT WARNING * * *
You closely miss the swamp worm.
The swamp worm bites you but does no damage.
You puncture the swamp worm!
The swamp worm bites you but does no damage.
The swamp worm bites you.
You die...

......§§§8≈§..........≈8§........
.........§§.§.......§§§§§§§......
########§..###########..§########
....#.)#...#.....^...#...#....#..
...#...#...#.........#...#...#P.#
...#...#####........}#####..#P.#P
#©#....#...#........[#...#.#P.#P.
.###..©#©.©#....w...©#©.©##P©#P.#
..#.##.#...#..^.♣w..!#...#.#P.#P2
.#....######....ww^^.#####..#..#P
.#.....#...#...^.....#...#...#P.#
#......#.8.#..^......#.8.#....#4.
########...###########...########
.................................
.................................
#################################
8# #8# #8# #8# #8# #8# #8# #8# #8


You could see a tyrant leech and 3 swamp worms.

Vanquished Creatures
  A centaur warrior (D:11)
  A queen ant (D:10)
  6 death yaks (D:10)
  5 skeletal warriors (D:10)
  A centaur skeleton (D:10)
  2 trolls (D:9)
  3 hippogriffs
  4 flying skulls (Gauntlet)
  2 wyverns
  10 yaks
  2 humans (D:9)
  2 hungry ghosts
  A steam dragon (D:9)
  21 soldier ants (D:10)
  An orc warrior (D:9)
  An ice beast (D:9)
  A necrophage (D:8)
  5 sky beasts
  2 black bears
  A phantom (D:5)
  An ogre (D:8)
  4 centaurs
  A crocodile (D:10)
  3 big kobolds
  2 bullfrogs
  A gnoll sergeant (D:7)
  2 scorpions
  7 electric eels (D:10)
  4 howler monkeys
  A centaur zombie (D:10)
  5 crimson imps
  8 hounds
  3 orc priests
  3 orc wizards
  Jessica (D:2)
  3 bullfrog skeletons
  25 worker ants
  A worker ant zombie (D:8)
  8 gnolls
  9 adders
  2 oozes
  2 adder zombies
  A worm (D:2)
  3 dart slugs
  6 leopard geckos
  25 orcs
  6 bats
  A bat zombie (D:4)
  7 giant cockroaches
  4 goblins
  4 hobgoblins
  17 jackals
  22 kobolds
  3 quokkas
  A ball python (D:3)
  5 frilled lizards
  6 rats
  A rat zombie (D:4)
280 creatures vanquished.

Vanquished Creatures (others)
  4 demonic plants (Gauntlet)
  23 spectral weapons
27 creatures vanquished.

Grand Total: 307 creatures vanquished

Notes
Turn   | Place    | Note
-------+----------+-------------------------------------------
     0 | D:1      | Norn the Merfolk Skald began the quest for the Orb.
     0 | D:1      | Reached XP level 1. HP: 16/16 MP: 3/3
   119 | D:1      | Reached XP level 2. HP: 22/23 MP: 0/5
   449 | D:1      | Reached XP level 3. HP: 28/28 MP: 6/6
   453 | D:1      | Learned a level 2 spell: Shroud of Golubria
   457 | D:1      | Learned a level 3 spell: Spectral Weapon
   696 | D:1      | Reached skill level 4 in Polearms
  1348 | D:2      | Reached XP level 4. HP: 22/34 MP: 0/7
  1651 | D:2      | Noticed Jessica
  1667 | D:2      | Killed Jessica
  2333 | D:3      | Reached skill level 5 in Polearms
  2529 | D:3      | Found a glowing silver altar of Zin.
  2867 | D:3      | Found a stormy altar of Qazlal.
  3163 | D:3      | Reached XP level 5. HP: 41/41 MP: 4/8
  3770 | D:3      | Learned a level 2 spell: Song of Slaying
  4148 | D:4      | Reached skill level 6 in Polearms
  4148 | D:4      | Reached XP level 6. HP: 47/47 MP: 5/9
  4194 | D:4      | Found Owkeb's Food Shop.
  4612 | D:4      | Found an ancient bone altar of Kikubaaqudgha.
  4851 | D:5      | Entered Level 5 of the Dungeon
  4943 | D:5      | Noticed a phantom
  4968 | D:5      | Killed a phantom
  4992 | D:5      | Reached skill level 7 in Polearms
  4992 | D:5      | Reached skill level 5 in Dodging
  4992 | D:5      | Reached XP level 7. HP: 22/54 MP: 1/10
  5772 | D:5      | Found an iron altar of Okawaru.
  5774 | D:5      | Found a sparkling altar of Nemelex Xobeh.
  5824 | D:5      | Found a staircase to the Ecumenical Temple.
  5958 | D:6      | Reached skill level 5 in Charms
  6485 | D:6      | Found a radiant altar of Vehumet.
  6501 | D:6      | Found a runed translucent gate.
  6501 | D:6      | Found a runed translucent gate.
  6505 | D:6      | Found a runed translucent gate.
  6505 | D:6      | Noticed LostNumber's ghost (novice GnIE)
  6505 | D:6      | Noticed wpisznazwe's ghost (amateur HOFi)
  6559 | D:6      | Reached skill level 8 in Polearms
  6591 | D:6      | Reached skill level 1 in Hexes
  6913 | D:6      | Reached XP level 8. HP: 61/61 MP: 7/11
  7194 | D:6      | Found a runed translucent door.
  7195 | D:6      | Noticed Crazy Yiuf
  7593 | D:7      | Reached skill level 5 in Fighting
  7921 | D:7      | Reached skill level 9 in Polearms
  8400 | D:8      | Reached skill level 10 in Polearms
  8419 | D:8      | Noticed a hippogriff
  8428 | D:8      | Killed a hippogriff
  8428 | D:8      | Reached XP level 9. HP: 65/69 MP: 4/12
  8861 | D:8      | Reached skill level 11 in Polearms
  8981 | D:8      | Found a deep blue altar of Sif Muna.
  9166 | Temple   | Entered the Ecumenical Temple
  9235 | Temple   | Became a worshipper of Ashenzari the Shackled
  9775 | D:8      | Found Qohid's Magic Scroll Emporium.
  9917 | D:9      | Found an iron altar of Okawaru.
 10030 | D:9      | Got the dagger "Sonlo" {pain, *Contam rF+ Str+5 Dex+3}
 10071 | D:9      | Noticed a troll
 10084 | D:9      | Killed a troll
 10084 | D:9      | Reached skill level 12 in Polearms
 10593 | D:9      | Reached XP level 10. HP: 65/77 MP: 9/13
 10770 | D:9      | Reached skill level 5 in Hexes
 11500 | D:9      | Reached skill level 13 in Polearms
 11678 | D:9      | Found an opulent altar of Gozag.
 11829 | D:10     | Entered Level 10 of the Dungeon
 12136 | D:10     | Noticed a skeletal warrior
 12139 | D:10     | Noticed a skeletal warrior
 12139 | D:10     | Noticed a death yak
 12143 | D:10     | Noticed a death yak
 12153 | D:10     | Noticed a skeletal warrior
 12156 | D:10     | Noticed a skeletal warrior
 12160 | D:10     | Noticed a death yak
 12163 | D:10     | Noticed a death yak
 12166 | D:10     | Noticed a skeletal warrior
 12168 | D:10     | Noticed a death yak
 12168 | D:10     | Noticed a death yak
 12532 | D:10     | Reached skill level 14 in Polearms
 12847 | D:10     | Killed a death yak
 12847 | D:10     | Reached skill level 10 in Dodging
 12847 | D:10     | Reached XP level 11. HP: 82/85 MP: 11/14
 13210 | D:10     | Reached skill level 15 in Polearms
 14003 | D:10     | Killed a skeletal warrior
 14016 | D:10     | Killed a death yak
 14484 | D:10     | Killed a death yak
 14498 | D:10     | Killed a death yak
 14689 | D:10     | Killed a death yak
 14689 | D:10     | Reached skill level 16 in Polearms
 14950 | D:10     | Killed a death yak
 14950 | D:10     | Reached XP level 12. HP: 73/94 MP: 8/15
 15354 | D:10     | Noticed a queen ant
 15386 | D:10     | Killed a queen ant
 16069 | D:10     | Reached skill level 10 in Fighting
 16448 | D:10     | Found a staircase to the Lair.
 16787 | D:11     | Found Hyujeug's Jewellery Shoppe.
 16799 | D:10     | Reached skill level 17 in Polearms
 16986 | D:11     | Noticed a centaur warrior
 16995 | D:11     | Killed a centaur warrior
 17144 | D:11     | Found a gate leading to a gauntlet.
 17160 | Gauntlet | Entered a Gauntlet
 17160 | Gauntlet | Found a transporter.
 17160 | Gauntlet | Found a transporter.
 17161 | Gauntlet | Found a transporter.
 17162 | Gauntlet | Noticed a soul eater
 17164 | Gauntlet | Found a transporter.
 17164 | Gauntlet | Found a transporter.
 17164 | Gauntlet | Found a transporter.
 17176 | Gauntlet | Found a transporter.
 17178 | Gauntlet | Identified the ring "Viehagge" {Wiz rPois Dex+2}
 17178 | Gauntlet | Found a transporter.
 17178 | Gauntlet | Noticed a green death
 17187 | Gauntlet | Noticed a hell hog
 17188 | Gauntlet | Found a transporter.
 17189 | Gauntlet | Identified the cursed ring of Uskayaw's Wrath {*Corrode
                  | *Drain rF+++ Dex-2 SInv}
 17189 | Gauntlet | Identified the cursed +0 hat "Omey" {Int+4}
 17189 | Gauntlet | Noticed a green death
 17192 | Gauntlet | Found a transporter.
 17192 | Gauntlet | Found a transporter.
 17239 | Gauntlet | Reached * piety under Ashenzari
 17305 | Gauntlet | Found a transporter.
 17510 | Gauntlet | HP: 4/217 [tyrant leech (8)]
 17512 | Gauntlet | Slain by a swamp worm

Skill      XL: |  1  2  3  4  5  6  7  8  9 10 11 12 |
---------------+-------------------------------------+-----
Dodging        | 3 4 5 7 8 10 11 | 11.9
Polearms       | 4 5 6 7 8 10 12 14 16 17 | 17.2
Fighting       | 3 4 5 7 8 9 10 | 10.2
Charms         | 4 5 |  5.8
Hexes          | 1 3 4 6 7 8 |  8.0
Armour         | |  0.6
Spellcasting   | |  2.0

Action                   |  1- 3 |  4- 6 |  7- 9 | 10-12 || total
-------------------------+-------+-------+-------+-------++-------
Melee: Spear             |   113 |   220 |   157 |       ||   490
       Trident           |       |       |   257 |   761 ||  1018
       Tailslap          |       |       |       |    19 ||    19
 Cast: Infusion          |    10 |     5 |     1 |     3 ||    19
       Spectral Weapon   |       |    15 |    35 |    59 ||   109
       Shroud of Golubri |       |       |     3 |     3 ||     6
       Song of Slaying   |       |       |       |     1 ||     1
Invok: Curse Item        |       |       |     2 |     1 ||     3
Evoke: Wand              |       |       |       |    16 ||    16
  Use: Scroll            |       |       |     5 |     7 ||    12
       Potion            |       |       |     1 |     6 ||     7
 Stab: Sleeping          |     2 |       |     1 |       ||     3
       Distracted        |       |       |     5 |     6 ||    11
  Eat: Chunk             |     2 |    11 |    21 |    18 ||    52
       Ration            |       |     1 |     1 |     4 ||     6
Armor: Leather armour    |    13 |    43 |    76 |       ||   132
       Ring mail         |       |       |    13 |   107 ||   120
       Skin              |       |       |       |    18 ||    18
Dodge: Dodged            |    57 |    99 |   181 |   246 ||   583
